 Dungeon Crawl Stone Soup version 0.26-b1-32-g5d43845318 (webtiles) character file.

Game seed: 5051239971698515379

308178 EnegeticOcto the Slayer (level 20, 161/209 HPs)
             Began as a Minotaur Fighter on Jan 7, 2021.
             Was an Initiate of Gozag.
             Quit the game on level 5 of the Vaults.
             The game lasted 00:29:14 (37293 turns).

EnegeticOcto the Slayer (Minotaur Fighter)         Turns: 37293, Time: 00:29:15

Health: 161/209    AC: 40    Str: 28    XL:     20   Next: 34%
Magic:  17/19      EV: 14    Int:  9    God:    Gozag
Gold:   9024       SH: 20    Dex: 11    Spells: 19/19 levels left

rFire    + + +     SeeInvis .   d - +7 broad axe (flame)
rCold    + + .     Faith    .   Z - +1 kite shield of the King of the Hill {rF++}
rNeg     + . .     Spirit   +   T - +4 plate armour {rF+}
rPois    .         Reflect  +   v - +2 hat of the Bear Spirit {Spirit, +Rage rN+ Will++}
rElec    .         Harm     .   K - +0 cloak
rCorr    .         Rampage  +   I - +2 pair of gloves {Str+3}
Will     ++++.     Clarity  +   S - +2 pair of boots {rampage}
Stlth    ..........             Q - amulet "Lyulem" {Reflect rC+ Int+4 SH+5}
HPRegen  0.44/turn              c - ring "Simal" {+Inv rF+++ rC+ Will+ Str-2}
MPRegen  0.16/turn              g - +4 ring of protection

@: gold aura, studying Axes
A: retaliatory headbutt, horns 2, icy blue scales 1, clarity, clumsy 1
}: 2/15 runes: serpentine, barnacled
a: Renounce Religion, Evoke Berserk Rage, Evoke Invisibility, Potion Petition,
Call Merchant, Bribe Branch


You were on level 5 of the Vaults.
You worshipped Gozag.
Gozag was greatly pleased with you.
You visited 6 branches of the dungeon, and saw 34 of its levels.
You visited the Abyss 4 times.
You also visited: Sewer, Bailey, Gauntlet and Ice Cave.

You collected 15035 gold pieces.
You spent 3241 gold pieces at shops.
You paid 2770 gold pieces to Gozag.

Inventory:

Hand Weapons
 d - a +7 broad axe of flaming (weapon)
 m - a +0 dagger of distortion
Missiles
 f - 9 curare-tipped darts (quivered)
 J - 4 throwing nets
Armour
 v - the +2 hat of the Bear Spirit (worn) {Spirit, +Rage rN+ Will++}
   (You acquired it in a bailey)

   It protects you from negative energy.
   It affects your willpower, your defense against some magical effects.
   It lets you go berserk.
 I - a +2 pair of gloves of strength (worn)
 K - a +0 cloak (worn)
 S - a +2 pair of boots of rampaging (worn)
 T - a +4 plate armour of fire resistance (worn)
 Z - the +1 kite shield of the King of the Hill (worn) {rF++}
   (You found it on level 1 of the Abyss)

   It greatly protects you from fire.
Jewellery
 c - the ring "Simal" (left hand) {+Inv rF+++ rC+ Will+ Str-2}
   (You acquired it in a bailey)

   [ring of willpower]

   It affects your strength (-2).
   It renders you almost immune to fire.
   It protects you from cold.
   It affects your willpower, your defense against some magical effects.
   It lets you turn invisible.
 g - a +4 ring of protection (right hand)
 j - an uncursed ring of poison resistance
 q - an uncursed amulet of regeneration
 Q - the amulet "Lyulem" (around neck) {Reflect rC+ Int+4 SH+5}
   (You found it in a Gauntlet)

   [amulet of reflection]

   It shields you and reflects attacks.
   It affects your intelligence (+4).
   It protects you from cold.
   It affects your SH (+5).
Wands
 x - a wand of digging (7) {@v3}
 A - a wand of enslavement (14)
 L - a wand of iceblast (23) {@v2}
 M - a wand of paralysis (19)
 U - a wand of acid (10) {@v1}
Scrolls
 b - 5 scrolls of identify {@r1}
 h - 6 scrolls of magic mapping {@r5}
 k - 10 scrolls of teleportation {@r3}
 l - 2 scrolls of fog
 o - 14 scrolls of remove curse {@r2}
 r - a scroll of enchant weapon
 u - 8 scrolls of fear
 y - 3 scrolls of blinking {@r4}
 D - a scroll of holy word
 G - 3 scrolls of vulnerability
 H - a scroll of immolation
 X - a scroll of silence
 Y - a scroll of summoning
Potions
 a - a potion of ambrosia {unknown}
 e - 4 potions of cancellation
 i - 8 potions of resistance {@q5}
 n - 4 potions of mutation
 p - 2 potions of attraction
 s - 11 potions of flight
 t - a potion of magic
 w - 5 potions of curing {@q1}
 C - 5 potions of haste {@q4}
 O - 4 potions of berserk rage
 W - a potion of invisibility
Books
 z - a manual of Axes
Miscellaneous
 B - a tin of tremorstones (2/2)
 F - a phantom mirror
 R - a box of beasts
 V - a condenser vane


   Skills:
 * Level 24.7 Fighting
 - Level 20.0 Axes
 + Level 19.0 Armour
 + Level 12.2 Dodging
 - Level 15.0 Shields
 - Level 8.0 Evocations


You had 19 spell levels left.
You didn't know any spells.
Your spell library was empty.

Dungeon Overview and Level Annotations

Branches:
Dungeon (15/15)            Temple (0/1) D:5            Lair (4/6) D:11
 Shoals (4/4) Lair:4        Snake (4/4) Lair:4          Orc (2/2) D:12
    Elf (0/3) Orc:2        Vaults (5/5) D:14          Crypt (0/3) Vaults:2
 Depths (0/5) D:15          Sewer (visited)          Bailey (visited)
  IceCv (visited)         Gauntlet (visited)

Altars:
Dithmenos
Elyvilon
Gozag
Vehumet
Wu Jian
Xom
Beogh
Lugonu

Shops:
D:9 ****   Orc:2 ([((   Shoals:4 [   Snake:1 ?!   Vaults:2 =

Portals:
Abyss: Lair:1

Annotations:
D:11 2 exclusions
Orc:1 1 runed translucent door, Dmuffinman's ghost, journeyman MiBe


Innate Abilities, Weirdness & Mutations

You reflexively headbutt those who attack you in melee.
You have a pair of horns on your head.
You are partially covered in icy blue scales. (AC +2)
You possess an exceptional clarity of mind.
You are clumsy. (Dex -2)


Message History

The six-headed hydra completely misses you.
You block the six-headed hydra's attack.
The six-headed hydra bites you but does no damage.
The six-headed hydra closely misses you.
The six-headed hydra barely misses you.
You slice Bai Suzhen!! You burn Bai Suzhen!
You headbutt Bai Suzhen, but do no damage.
Bai Suzhen is severely wounded.
You lop one of the six-headed hydra's heads off!
The flame cauterises the wound!
You slice the five-headed hydra!! You burn the five-headed hydra.
You are standing in a thunderstorm.
You are struck by lightning!
You hear a shout!
You hear a deafening roar!
You hear a shout! x4
You block Bai Suzhen's attack. x2; Bai Suzhen misses you.
The five-headed hydra barely misses you.
The five-headed hydra bites you but does no damage. x4
You hit Bai Suzhen. You burn Bai Suzhen.
Bai Suzhen is severely wounded.
You chop one of the five-headed hydra's heads off!
The flame cauterises the wound!
You slash the four-headed hydra! You burn the four-headed hydra.
You kill the four-headed hydra!
The four-headed hydra's corpse disappears in a puff of smoke!
You are standing in a thunderstorm.
You block Bai Suzhen's attack.
Bai Suzhen claws you but does no damage.
Bai Suzhen tramples you.
You stumble backwards!
You hit Bai Suzhen. You burn Bai Suzhen.
Bai Suzhen is severely wounded.
You are standing in a thunderstorm.
Lightning arcs down from a storm cloud!
You hit Bai Suzhen but do no damage.
You headbutt Bai Suzhen, but do no damage.
Bai Suzhen is severely wounded.
You are standing in a thunderstorm.
Bai Suzhen bites you!! You block Bai Suzhen's attack.
Bai Suzhen tramples you but does no damage.
You hit Bai Suzhen. You burn Bai Suzhen.
Bai Suzhen is severely wounded.
You are standing in a thunderstorm.
Bai Suzhen breathes water at you.
The torrent of water reflects off an invisible shield around you!
The torrent of water hits Bai Suzhen!!!
You kill Bai Suzhen!
The wave splashes down.
Splash!
You fall into the shallow water.
Moving in this stuff is going to be slow.
Your Armour skill increases to level 19!
No reachable target in view!
No reachable target in view!
No reachable target in view!
No reachable target in view!
No reachable target in view!
No reachable target in view!
No reachable target in view!
No reachable target in view!
No reachable target in view!
No reachable target in view!
No reachable target in view!
No reachable target in view!
No reachable target in view!
No reachable target in view!
No reachable target in view!
No reachable target in view!
No reachable target in view!
No reachable target in view!
No reachable target in view!
No reachable target in view!
No reachable target in view!
No reachable target in view!
No reachable target in view!
No reachable target in view!
No reachable target in view!
No reachable target in view!
No reachable target in view!
No reachable target in view!
No reachable target in view!
No reachable target in view!
No reachable target in view!
No reachable target in view!
The yaktaur captain wields a +0 arbalest.
The yaktaur captain shoots a bolt.
You reflect the bolt off an invisible shield around you!
The bolt hits the yaktaur captain!!!
The deep elf annihilator becomes distracted by the nearby gold, dreaming of imaginary riches.
The deep elf annihilator shouts!
Things that are here:
a +2 glaive; a +0 chain mail No reachable target in view!
No reachable target in view!
No reachable target in view!
No reachable target in view!
No reachable target in view!
No reachable target in view!
No reachable target in view!
No reachable target in view!
No reachable target in view!
No reachable target in view!
No reachable target in view!
No reachable target in view!
Are you sure you want to abandon this character and quit the game? (Confirm with "yes".)

..# ##..(.[[.(.........
#############[.[.[.).########
..............)[<<..........
...........)[.)<..<.........
................<<..........
.......).....(.(.().).......
#############(.)..$.)########
........[$..)...(....#...
........@.#)...#.........
..#####§§§#.(..#.$.......
#.$§#..(.#.....#...
#§§§#.)..##...## ..
#e..#...$#..$..# .
...c.#(...#........
.......#....#.........
##'##...#....#......... #..
#...#....#.....#...


You could see a yaktaur captain and a deep elf annihilator.

Vanquished Creatures
  Bai Suzhen (Vaults:5)
  Vashnia (Snake:4)
  Margery (Vaults:5)
  3 golden dragons (Vaults:5)
  3 bone dragons (Abyss:2)
  2 liches
  2 tentacled monstrosities
  5 titans (Vaults:5)
  Gastronok (D:12)
  2 sphinxes (Vaults:5)
  A shadow dragon (Vaults:5)
  7 tentacled starspawn
  6 tengu reavers
  2 storm dragons
  6 nagarajas (Snake:4)
  3 fire giants
  An iron dragon (Vaults:5)
  3 frost giants
  6 vault wardens
  2 orc warlords
  4 very ugly things
  An ironheart preserver (Vaults:4)
  8 stone giants
  2 vampire knights (Vaults:2)
  3 war gargoyles (Vaults:5)
  A minotaur (Gauntlet)
  Nessos (D:13)
  A white draconian (Abyss:2)
  A lorocyproca (Abyss:2)
  Snorg (D:10)
  An eidolon (Abyss:4)
  8 ettins
  2 deep elf death magi (Vaults:5)
  2 merfolk javelineers (Shoals:4)
  A quicksilver dragon zombie (Abyss:2)
  8 merfolk impalers
  An ogre mage (Vaults:4)
  3 yaktaur captains (Vaults:5)
  Fannar (Orc:1)
  2 deep elf high priests (Vaults:5)
  A great orb of eyes (Vaults:5)
  4 boulder beetles
  3 anacondas
  An ice dragon (Vaults:4)
  A rakshasa (Vaults:2)
  13 naga warriors
  4 hydras
  28 vault guards
  2 merfolk avatars
  2 alligator snapping turtles
  A catoblepas (Abyss:4)
  8 two-headed ogres
  A centaur warrior (D:15)
  2 merfolk aquamancers (Shoals:4)
  A vampire mage (Abyss:2)
  Urug (D:13)
  An orc high priest (Orc:2)
  4 shock serpents
  10 thrashing horrors
  20 naga sharpshooters
  4 deep elf knights
  Sonja (Lair:3)
  4 wretched stars
  3 hell knights (Vaults:5)
  A shadow wraith (Abyss:2)
  A sixfirhy (Abyss:2)
  A swamp dragon (Abyss:4)
  4 wizards
  2 fire crabs (Abyss:4)
  A deep troll (Vaults:5)
  5 sea snakes
  A spatial maelstrom (Abyss:1)
  2 unseen horrors
  A glowing orange brain (Vaults:4)
  3 phantasmal warriors
  9 orc knights
  8 ironbrand convokers
  Pikel (D:6)
  2 deep elf archers
  A harpy (shapeshifter) (Vaults:5)
  9 naga ritualists
  2 necromancers (Vaults:5)
  6 mana vipers
  3 orc sorcerers (Orc:2)
  An orb spider (shapeshifter) (D:14)
  9 deep elf magi
  A shadow dragon skeleton (Abyss:2)
  A wolf spider (Vaults:5)
  A faun (shapeshifter) (Vaults:5)
  5 salamanders
  A will-o-the-wisp (Abyss:4)
  4 cyclopes
  5 fauns
  2 elephants (Lair:3)
  26 ugly things
  8 vault sentinels
  20 naga magi
  21 black mambas
  2 manticores (Shoals:4)
  2 apocalypse crabs (Abyss:4)
  6 guardian serpents
  2 smoke demons
  An eye of devastation (shapeshifter) (Gauntlet)
  4 cane toads
  An eye of devastation (Abyss:4)
  An orange demon (Abyss:1)
  A hellion (Abyss:2)
  4 rime drakes
  8 komodo dragons
  A cane toad (shapeshifter) (Vaults:2)
  3 efreet
  8 yaktaurs
  A tormentor (Lair:1)
  2 ancient zymes (Abyss:4)
  A demonic crawler (Abyss:4)
  2 freezing wraiths
  7 trolls
  A red devil (Abyss:1)
  A hellwing (Abyss:2)
  A troll (shapeshifter) (Vaults:5)
  6 merfolk
  5 hornets
  2 polar bears (IceCv)
  14 raiju
  30 blink frogs
  10 slime creatures
  A snapping turtle (shapeshifter) (Vaults:5)
  7 dream sheep (Lair:3)
  A meliai zombie (D:15)
  8 flying skulls
  A spriggan (D:12)
  An air elemental (Abyss:2)
  3 wraiths
  39 yaks
  2 vampires
  A water elemental (Shoals:1)
  6 wyverns
  2 ynoxinuls
  A fire elemental (Abyss:2)
  A human (D:14)
  5 neqoxecs
  4 chaos spawn
  5 fire bats
  5 golden eyes
  3 basilisks
  A steam dragon (D:9)
  4 vampire mosquitoes (D:15)
  Menkaure (D:7)
  5 wargs
  41 nagas
  3 spatial vortices (Abyss:1)
  Edmund (D:5)
  An acid dragon (D:12)
  22 water moccasins
  A swamp drake (D:12)
  A water moccasin (shapeshifter) (Gauntlet)
  A floating eye (shapeshifter) (Vaults:5)
  5 hell hounds
  16 large abominations
  67 orc warriors
  9 ice beasts
  6 black bears
  2 eyes of draining
  2 necrophages
  3 phantoms
  7 centaurs
  36 wolves
  12 ogres
  3 lemures (D:6)
  A snapping turtle skeleton (Abyss:4)
  2 big kobolds (D:13)
  7 small abominations
  20 bullfrogs
  A wyvern zombie (D:12)
  7 scorpions
  6 killer bees (D:9)
  11 wights
  An electric eel (D:11)
  4 howler monkeys
  A bullfrog zombie (D:5)
  2 lava snakes (D:10)
  4 centaur zombies
  4 quasits
  4 starcursed masses (Abyss:2)
  A jelly (shapeshifter) (Gauntlet)
  8 jellies
  3 bullfrog skeletons
  24 orc priests
  3 centaur skeletons
  3 hounds
  28 orc wizards
  An iron imp (Abyss:2)
  5 iguanas
  14 worker ants
  A killer bee zombie (D:9)
  3 hound zombies
  A hound skeleton (D:4)
  2 worker ant zombies (D:6)
  Robin (D:2)
  15 gnolls
  15 adders
  A howler monkey skeleton (D:11)
  3 river rats
  5 shadow imps
  9 white imps
  3 ufetubi
  An ooze (D:2)
  2 adder skeletons
  2 worms
  The ghost of unihiutale the Sneak, a weakling HuDe of Ashenzari (D:5)
  A dart slug (D:1)
  6 leopard geckos
  143 orcs
  6 ball pythons
  5 bats
  4 giant cockroaches
  23 goblins
  17 hobgoblins
  11 jackals
  7 quokkas
  8 frilled lizards
  11 kobolds
  A leopard gecko skeleton (D:3)
  14 rats
  2 fire vortices (D:10)
  2 lurking horrors
  5 starspawn tentacles
1367 creatures vanquished.

Vanquished Creatures (others)
  A quicksilver dragon (Vaults:5)
  A deep elf demonologist (Vaults:5)
  A deep elf high priest (Vaults:5)
  A polar bear (IceCv)
  A yak (IceCv)
  A golden eye (Abyss:2)
  A fire vortex (D:10)
  4 foxfires (Abyss:4)
  14 fungi
  2 lurking horrors
  70 plants
  13 starspawn tentacles
110 creatures vanquished.

Grand Total: 1477 creatures vanquished

Notes
Turn   | Place    | Note
-------+----------+-------------------------------------------
     0 | D:1      | EnegeticOcto the Minotaur Fighter began the quest for the
                  | Orb.
     0 | D:1      | Reached XP level 1. HP: 19/19 MP: 0/0
   203 | D:1      | Reached XP level 2. HP: 24/27 MP: 1/1
   851 | D:2      | Reached skill level 4 in Fighting
   851 | D:2      | Reached XP level 3. HP: 27/33 MP: 2/2
  1177 | D:2      | Noticed Robin
  1442 | D:2      | Killed Robin
  1443 | D:2      | Reached XP level 4. HP: 40/40 MP: 3/3
  1936 | D:3      | Found a glowing drain.
  1969 | Sewer    | Entered a sewer
  2161 | Sewer    | Reached XP level 5. HP: 34/47 MP: 4/4
  2816 | D:4      | Reached skill level 5 in Axes
  2816 | D:4      | Reached XP level 6. HP: 55/55 MP: 5/5
  2821 | D:4      | Reached skill level 5 in Armour
  2821 | D:4      | Reached skill level 5 in Shields
  2833 | D:4      | Reached skill level 5 in Fighting
  3476 | D:5      | Entered Level 5 of the Dungeon
  3479 | D:5      | Found a runed translucent gate.
  3481 | D:5      | Found a runed translucent gate.
  3481 | D:5      | Found an opulent altar of Gozag.
  3486 | D:5      | Found a runed translucent gate.
  3486 | D:5      | Noticed unihiutale's ghost (weakling HuDe)
  3514 | D:5      | Reached XP level 7. HP: 61/61 MP: 6/6
  3600 | D:5      | Killed unihiutale's ghost
  3610 | D:5      | Became a worshipper of Gozag Ym Sagoz the Greedy
  3695 | D:5      | Noticed Edmund
  3697 | D:5      | Reached skill level 6 in Fighting
  3721 | D:5      | Killed Edmund
  4209 | D:5      | Reached XP level 8. HP: 70/71 MP: 7/7
  4224 | D:5      | Found a staircase to the Ecumenical Temple.
  4791 | D:6      | Reached skill level 7 in Fighting
  5242 | D:6      | Reached skill level 8 in Fighting
  5315 | D:6      | Reached XP level 9. HP: 57/82 MP: 8/8
  5736 | D:6      | Noticed Pikel
  5751 | D:6      | Killed Pikel
  5752 | D:6      | Reached skill level 9 in Fighting
  6194 | D:7      | Reached skill level 10 in Axes
  6683 | D:7      | Reached skill level 10 in Fighting
  6714 | D:7      | Noticed Menkaure
  6716 | D:7      | Killed Menkaure
  6979 | D:7      | Reached XP level 10. HP: 85/93 MP: 9/9
  7790 | D:8      | Noticed a two-headed ogre
  7798 | D:8      | Killed a two-headed ogre
  8190 | D:8      | Found an ornate altar of the Wu Jian Council.
  8240 | D:8      | Found a radiant altar of Vehumet.
  8903 | D:9      | Found Orogiu's General Store.
  8910 | D:9      | Bought a scroll of holy word for 75 gold pieces
  9025 | D:9      | Reached skill level 11 in Fighting
  9053 | D:9      | Found Lawu's Elemental Accessories.
  9078 | D:9      | Found Woffomaf's General Store.
  9094 | D:9      | Bought a potion of heal wounds for 70 gold pieces
  9094 | D:9      | Bought a +0 broad axe for 56 gold pieces
  9178 | D:9      | Found a flagged portal.
  9190 | Bailey   | Entered a bailey
  9459 | Bailey   | Noticed an orc warlord
  9498 | Bailey   | Killed an orc warlord
  9499 | Bailey   | Reached XP level 11. HP: 94/104 MP: 10/10
  9557 | Bailey   | Identified 2 scrolls of acquirement
  9557 | Bailey   | Acquired the +2 hat of the Bear Spirit {Spirit, +Rage rN+
                  | Will++}
  9558 | Bailey   | Found the +2 hat of the Bear Spirit {Spirit, +Rage rN+
                  | Will++}
  9558 | Bailey   | Acquired the ring "Simal" {+Inv rF+++ rC+ Will+ Str-2}
  9771 | D:9      | Reached skill level 12 in Fighting
 10198 | D:9      | Found Kiluts's General Store.
 10364 | D:10     | Entered Level 10 of the Dungeon
 10365 | D:10     | Noticed Snorg
 10393 | D:10     | HP: 4/104 [Snorg (7)]
 10396 | D:10     | Killed Snorg
 10857 | D:10     | Noticed a two-headed ogre
 10863 | D:10     | Killed a two-headed ogre
 10864 | D:10     | Reached skill level 10 in Armour
 10864 | D:10     | Reached skill level 10 in Shields
 11199 | D:10     | Reached skill level 13 in Fighting
 11583 | D:11     | Found a staircase to the Lair.
 11636 | Lair:1   | Entered Level 1 of the Lair of Beasts
 11650 | Lair:1   | Reached XP level 12. HP: 101/115 MP: 8/11
 12231 | Lair:1   | Found a corrupted altar of Lugonu.
 12340 | Lair:1   | Found a one-way gate to the infinite horrors of the Abyss.
 12638 | Lair:2   | Reached skill level 14 in Fighting
 12912 | Lair:2   | Reached skill level 1 in Evocations
 13338 | Lair:2   | Found a dark tunnel.
 13819 | Lair:3   | Noticed a seven-headed hydra
 13836 | Lair:3   | Killed a one-headed hydra
 13994 | Lair:3   | Reached XP level 13. HP: 97/125 MP: 9/12
 14164 | Lair:3   | Noticed Sonja
 14174 | Lair:3   | Killed Sonja
 14655 | Lair:3   | Reached skill level 15 in Axes
 14867 | Lair:4   | Reached skill level 15 in Fighting
 15181 | Lair:4   | Found a staircase to the Shoals.
 15529 | Lair:4   | Found a staircase to the Snake Pit.
 16082 | D:11     | Found a shadowy altar of Dithmenos.
 17050 | D:12     | Found a white marble altar of Elyvilon.
 18043 | D:12     | Noticed Gastronok
 18072 | D:12     | Killed Gastronok
 18086 | D:12     | Found a staircase to the Orcish Mines.
 18328 | Orc:1    | Entered Level 1 of the Orcish Mines
 18328 | Orc:1    | Noticed Fannar
 18391 | Orc:1    | Killed Fannar
 18392 | Orc:1    | Reached XP level 14. HP: 136/136 MP: 13/13
 18487 | Orc:1    | Found a frozen archway.
 18501 | IceCv    | Entered an ice cave
 18537 | IceCv    | Reached skill level 16 in Fighting
 18898 | Orc:2    | Entered Level 2 of the Orcish Mines
 18898 | Orc:2    | Found a staircase to the Elven Halls.
 18912 | Orc:2    | Found a gate leading to a gauntlet.
 18941 | Gauntlet | Entered a Gauntlet
 18941 | Gauntlet | Found a transporter.
 18941 | Gauntlet | Found a transporter.
 18959 | Gauntlet | Found a transporter.
 18961 | Gauntlet | Found a transporter.
 18966 | Gauntlet | Found a transporter.
 19008 | Gauntlet | Found a transporter.
 19030 | Gauntlet | Reached skill level 5 in Evocations
 19045 | Gauntlet | Found a transporter.
 19050 | Gauntlet | Got a translucent golden ring
 19057 | Gauntlet | Identified the ring "Maufuy" {*Tele Will+} (You found it in
                  | a Gauntlet)
 19066 | Gauntlet | Found a transporter.
 19067 | Gauntlet | Found a transporter.
 19075 | Gauntlet | Found a transporter.
 19150 | Gauntlet | Found a transporter.
 19202 | Gauntlet | Identified the Tome of the Aerial Snowflakes
 19203 | Gauntlet | Got a bound steel amulet
 19209 | Gauntlet | Identified the amulet "Lyulem" {Reflect rC+ Int+4 SH+5}
                  | (You found it in a Gauntlet)
 19788 | Orc:2    | Found a roughly hewn altar of Beogh.
 19813 | Orc:2    | Found Rigaehur's Weapon Shoppe.
 19931 | Orc:2    | Found a roughly hewn altar of Beogh.
 19947 | Orc:2    | Noticed a stone giant
 19959 | Orc:2    | Killed a stone giant
 20181 | Orc:2    | Found a roughly hewn altar of Beogh.
 20402 | Orc:2    | Found a roughly hewn altar of Beogh.
 20403 | Orc:2    | Found Hoemix's Antique Weapon Boutique.
 20571 | Orc:2    | Found a roughly hewn altar of Beogh.
 20759 | Orc:2    | Noticed an orc warlord
 20771 | Orc:2    | Killed an orc warlord
 20965 | Orc:2    | Found Kafur's Antique Weapon Emporium.
 20970 | Orc:2    | Found Babos's Antique Armour Shoppe.
 20970 | Orc:2    | Found a roughly hewn altar of Beogh.
 21003 | Orc:2    | Bought a pair of runed gloves for 225 gold pieces
 21003 | Orc:2    | Bought a glowing plate armour for 780 gold pieces
 21298 | Orc:1    | Found a runed translucent door.
 21300 | Orc:1    | Found a shimmering altar of Xom.
 21300 | Orc:1    | Noticed Dmuffinman's ghost (journeyman MiBe)
 21744 | D:13     | Noticed Nessos
 21765 | D:13     | Killed Nessos
 22056 | D:13     | Noticed Urug
 22076 | D:13     | Killed Urug
 22279 | D:13     | Acquired 702 gold pieces
 22379 | D:14     | Reached skill level 17 in Fighting
 22689 | D:14     | Found a gate to the Vaults.
 22702 | D:14     | Reached XP level 15. HP: 141/147 MP: 12/14
 23534 | D:15     | Entered Level 15 of the Dungeon
 23723 | D:15     | Noticed a frost giant
 23731 | D:15     | Killed a frost giant
 23785 | D:15     | Found a staircase to the Depths.
 24411 | Snake:1  | Entered Level 1 of the Snake Pit
 24808 | Snake:1  | Found Boditwov's Magic Scroll Shoppe.
 24813 | Snake:1  | Found Gacsod's Distillery.
 24855 | Snake:1  | Bought 2 scrolls of acquirement for 1456 gold pieces
 24855 | Snake:1  | Acquired 870 gold pieces
 24856 | Snake:1  | Acquired the +7 broad axe "Newtbane" {antimagic, Str+3
                  | Dex+2}
 24859 | Snake:1  | Bought a scroll of enchant armour for 105 gold pieces
 24859 | Snake:1  | Bought a scroll of magic mapping for 49 gold pieces
 24867 | Snake:1  | Bought a potion of haste for 170 gold pieces
 24867 | Snake:1  | Bought a potion of haste for 170 gold pieces
 24867 | Snake:1  | Bought a potion of heal wounds for 85 gold pieces
 25514 | Snake:3  | Reached skill level 18 in Fighting
 26170 | Snake:4  | Entered Level 4 of the Snake Pit
 26199 | Snake:4  | Reached XP level 16. HP: 46/157 MP: 3/15
 26748 | Snake:4  | Noticed Vashnia
 26825 | Snake:4  | Killed Vashnia
 28212 | Snake:4  | Reached skill level 19 in Fighting
 28904 | Snake:4  | Got a serpentine rune of Zot
 29537 | Shoals:1 | Entered Level 1 of the Shoals
 29622 | Shoals:1 | Reached skill level 15 in Armour
 29731 | Shoals:1 | Reached skill level 1 in Dodging
 29731 | Shoals:1 | Reached skill level 15 in Shields
 29755 | Shoals:2 | Reached XP level 17. HP: 163/169 MP: 16/16
 29785 | Shoals:4 | Entered Level 4 of the Shoals
 30158 | Shoals:4 | Found Dudd's Armour Boutique.
 30183 | Shoals:4 | Reached skill level 20 in Fighting
 30198 | Shoals:4 | Got a barnacled rune of Zot
 30524 | Lair:1   | Voluntarily entered the Abyss.
 30524 | Abyss:1  | Found a corrupted altar of Lugonu.
 30531 | Abyss:1  | Identified the +1 kite shield of the King of the Hill
                  | {rF++} (You found it on level 1 of the Abyss)
 30553 | Lair:1   | Escaped the Abyss
 30555 | Lair:1   | Voluntarily entered the Abyss.
 30588 | Abyss:2  | Gained mutation: You are clumsy. (Dex -2) [a neqoxec]
 30726 | Abyss:2  | Noticed a bone dragon
 30744 | Abyss:2  | Killed a bone dragon
 30791 | Abyss:2  | Gained mutation: You are weak. (Str -2) [a neqoxec]
 30851 | Abyss:2  | Reached skill level 5 in Dodging
 30898 | Abyss:2  | Gained mutation: You are occasionally teleported next to
                  | monsters. [a neqoxec]
 30911 | Abyss:2  | Noticed a bone dragon
 30919 | Abyss:2  | Noticed a tentacled monstrosity
 30942 | Abyss:2  | Killed a bone dragon
 30951 | Abyss:2  | Killed a tentacled monstrosity
 30978 | Lair:1   | Escaped the Abyss
 31275 | Lair:1   | Voluntarily entered the Abyss.
 31347 | Abyss:1  | Reached skill level 21 in Fighting
 31658 | Abyss:2  | Found a corrupted altar of Lugonu.
 31881 | Abyss:2  | Noticed a bone dragon
 31915 | Abyss:2  | Killed a bone dragon
 31916 | Abyss:2  | Reached XP level 18. HP: 130/182 MP: 14/17
 32006 | Abyss:2  | Found a corrupted altar of Lugonu.
 32293 | Abyss:2  | Noticed a lich
 32296 | Abyss:2  | Found a corrupted altar of Lugonu.
 32311 | Abyss:2  | Killed a lich
 32321 | Lair:1   | Escaped the Abyss
 32516 | Lair:1   | Cast into level 4 of the Abyss (unwielding a weapon of
                  | distortion)
 32547 | Abyss:4  | Found a corrupted altar of Lugonu.
 32610 | Abyss:4  | Lost intelligence.
 33005 | Lair:1   | Escaped the Abyss
 33181 | Vaults:1 | Entered Level 1 of the Vaults
 33206 | Vaults:1 | Reached skill level 22 in Fighting
 33461 | Vaults:1 | You fall into a shaft and drop 1 floor!
 33532 | Vaults:2 | Found Iclur's Jewellery Shop.
 33603 | Vaults:2 | Found a staircase to the Crypt.
 35025 | Vaults:4 | Reached XP level 19. HP: 152/193 MP: 14/18
 35127 | Vaults:5 | Entered Level 5 of the Vaults
 35141 | Vaults:5 | Noticed a golden dragon
 35142 | Vaults:5 | Reached skill level 23 in Fighting
 35142 | Vaults:5 | Noticed Margery
 35150 | Vaults:5 | Noticed a golden dragon
 35165 | Vaults:5 | Killed a golden dragon
 35166 | Vaults:5 | Reached skill level 10 in Dodging
 35170 | Vaults:5 | Noticed a golden dragon
 35171 | Vaults:5 | Killed Margery
 35190 | Vaults:5 | Killed a golden dragon
 35225 | Vaults:5 | HP: 8/195 [deep elf high priest/damnation (11)]
 35266 | Vaults:5 | Identified the +7 falchion of Virtue {chaos, rElec rPois
                  | Int+8 Stlth-}
 35298 | Vaults:5 | Lost mutation: You are weak. (Str -2) [potion of mutation]
 35298 | Vaults:5 | Lost mutation: You are occasionally teleported next to
                  | monsters. [potion of mutation]
 35298 | Vaults:5 | Gained mutation: You possess an exceptional clarity of
                  | mind. [potion of mutation]
 35298 | Vaults:5 | Gained mutation: You are partially covered in icy blue
                  | scales. (AC +2) [potion of mutation]
 35303 | Vaults:5 | Identified the +6 flail of the Hills {antimagic, +Fly rElec
                  | Int-3}
 35303 | Vaults:5 | Identified the +7 chain mail of Muttered Phrases {-Cast
                  | Str+3 Int+2 Dex+5}
 35317 | Vaults:5 | HP: 7/198 [sea snake (glowing shapeshifter) (8)]
 35375 | Vaults:5 | Identified the +10 long sword "Nuco" {vamp, *Noise +Rage
                  | rElec rN++}
 35384 | Vaults:5 | Reached skill level 24 in Fighting
 35814 | Vaults:5 | Identified the +3 chain mail of Altruism {Harm rPois}
 35919 | Vaults:5 | Noticed a Tzitzimitl
 36232 | Vaults:5 | Reached XP level 20. HP: 116/206 MP: 14/19
 36262 | Vaults:5 | Killed a golden dragon
 37277 | Vaults:5 | Noticed Bai Suzhen
 37291 | Vaults:5 | Killed Bai Suzhen
 37293 | Vaults:5 | Quit the game

Illustrated notes

Levels and vault maps discovered:
D:1:      dpeg_arrival_subterranean_lakeside_camping, layout_loops_ring,
          minmay_misc_feat_five
D:2:      layout_basic, kennysheep_path_1, minmay_stone_trees_large,
          cheibrodos_gnoll_hut, uniq_robin
D:3:      layout_rooms, portal_sewer_entry_a, corexii_item_surrounded_by_moat
D:4:      layout_cave_pools, chequers_serial_rivers_large_a
D:5:      layout_rooms, minmay_temple_entry_slanted, serial_bayou,
          serial_bayou_lagoon_a, serial_bayou_shore_a, serial_bayou_pond_c,
          serial_bayou_crossing, ebering_ghost_gozag, uniq_edmund
D:6:      minmay_chambers_of_sixes, layout_basic, kb_rosetta, uniq_pikel
D:7:      layout_basic, kennysheep_generic_room_6, uniq_menkaure
D:8:      layout_basic, vehumet_crystals, basic_altar, minivault_23
D:9:      layout_basic, serial_shops, shop, shop, shop, enter_bailey_6,
          nicolae_elemental_shop, st_stairs_6
D:10:     layout_loops_cross, nicolae_benzene_ring, hangedman_incinerator,
          uniq_snorg
D:11:     fort_yaktaur, layout_basic, minmay_lair_entry_grove, basic_altar
D:12:     layout_loops_corners, erik_orc_1, basic_altar, the_bakery,
          uniq_gastronok
D:13:     layout_cross, uniq_nessos, uniq_urug
D:14:     layout_small_grid, grunt_vaults_entry_fortified, minmay_crystal_room
D:15:     grunt_enter_depths_snipers, layout_loops_ring,
          roderic_lattice_octagonal_star
Lair:1:   layout_long_grid, amcnicky_altar_lugonu_corruption
Lair:2:   layout_cave_pods, enter_volcano_4, chequers_serial_rivers_small_3
Lair:3:   layout_cave_pods, beast_lair_carwin_5, uniq_sonja
Lair:4:   layout_regular_city, shoals_dummy_entry, guppyfry_snake_entry_garden,
          grunt_forest_large_clearings
Shoals:1: layout_shoals, serial_shops, nicolae_shop_trees, st_cyclops
Shoals:2: layout_shoals, serial_shops, bzr_firewalk
Shoals:3: layout_shoals, serial_shops, bzr_entry_safe
Shoals:4: shoals_end_grunt_ice, layout_shoals, serial_shops, shop
Snake:1:  layout_misc_corridors, basic_altar, minmay_shoptagon
Snake:2:  layout_misc_corridors
Snake:3:  layout_gridlike, special_room, st_stairs_9, drop_trap,
          nrook_guardian_serpent_ordinary
Snake:4:  snake_pit, layout_layer_cave, uniq_vashnia
Orc:1:    layout_caves, ebering_ghost_xom, portal_ice_cave_rime, uniq_fannar
Orc:2:    grunt_orc_community_town_hall, layout_diamond_mine,
          grunt_orc_community_big_house_2, grunt_orc_community_big_house_1,
          grunt_orc_community_house_3, grunt_orc_community_house_1,
          grunt_orc_community_house_1, grunt_orc_community_house_1,
          gauntlet_entry_generic
Vaults:1: vaults_dpeg_diagonal, nicolae_vaults_big_angled_halls,
          hangedman_vaults_impose, v_misc_12, nicolae_vaults_little_squares_4,
          special_room_vaults [special_room_orc], grunt_vaults_swirl,
          vaults_room_semicircle, layout_vaults_omnigrid
Vaults:2: st_star, minmay_crypt_entry_simple_box, v_misc_24,
          nicolae_vaults_little_ls, v_rooms_5, v_alt_pattern_1,
          nicolae_vaults_sealed_display, v_misc_4, grunt_vaults_bifocal,
          vaults_room_large_hall, nicolae_vaults_little_squares_1,
          ontoclasm_vaults_idyll, vaults_dpeg_cross, hangedman_vaults_slice,
          vaults_room_pool, layout_vaults_omnicross, serial_shops, shop
Vaults:3: v_pattern_3, v_misc_26, nicolae_vaults_network_quinsquares
          [nicolae_vaults_network_quincunx_subvault,
          nicolae_vaults_network_quincunx_subvault,
          nicolae_vaults_network_quincunx_subvault,
          nicolae_vaults_network_quincunx_subvault], v_misc_24,
          nicolae_vaults_ninety_degrees, nicolae_vaults_specimen_jars,
          vaults_mumra_hex, v_misc_12, nicolae_vaults_diagonal_hallway_9,
          vaults_dpeg_encased_lava, nicolae_vaults_little_squares_6,
          vaults_dpeg_doors, vaults_room_hangedman_quadrants,
          layout_vaults_big_room
Vaults:4: vaults_room_hallway, vaults_room_fancy_cross,
          vaults_standard_mumra_enter_the_diamond, v_misc_14,
          vaults_mumra_chevron, nicolae_vaults_angled_halls, v_alt_pattern_2,
          v_misc_19, nicolae_vaults_alarming, hangedman_vaults_snaps, v_rooms_5,
          v_misc_11, layout_vaults_ring
Vaults:5: uniq_margery, uniq_bai_suzhen

Skill      XL: |  1  2  3  4  5  6  7  8  9 10 11 12 13 14 15 16 17 18 19 20 |
---------------+-------------------------------------------------------------+-----
Axes           | 3 4 5 6 7 8 10 12 13 14 16 17 18 20 | 20.0
Armour         | 4 5 6 7 8 9 10 11 12 13 15 16 17 18 19 | 19.0
Shields        | 4 5 6 7 8 9 10 11 12 13 15 | 15.0
Fighting       | 4 5 6 8 10 11 13 14 15 17 18 19 21 22 24 | 24.7
Evocations     | 2 4 6 7 8 |  8.0
Dodging        | 1 6 9 11 12 | 12.2

Action                   |  1- 3 |  4- 6 |  7- 9 | 10-12 | 13-15 | 16-18 | 19-21 || total
-------------------------+-------+-------+-------+-------+-------+-------+-------++-------
Melee: War axe           |    85 |   148 |   286 |   444 |   188 |       |       ||  1151
       Headbutt          |    11 |    19 |    82 |   129 |   352 |   286 |    98 ||   977
       Broad axe         |       |       |       |   293 |  1194 |  1185 |   380 ||  3052
Throw: Dart              |       |       |       |     2 |       |       |       ||     2
Invok: Potion Petition   |       |       |       |     1 |       |       |     5 ||     6
Evoke: Wand              |       |       |       |       |     4 |     3 |       ||     7
       Tin of tremorston |       |       |       |       |       |     6 |     4 ||    10
  Use: Potion            |       |       |     6 |     8 |       |    10 |    11 ||    35
       Scroll            |       |       |    20 |     4 |    15 |    20 |     1 ||    60
 Stab: Distracted        |       |       |     2 |     6 |     2 |    12 |     6 ||    28
       Invisible         |       |       |       |     4 |       |       |       ||     4
       Paralysed         |       |       |       |       |     3 |     2 |       ||     5
Armor: Scale mail        |    47 |    21 |       |       |       |       |       ||    68
       Plate armour      |       |    80 |   126 |   326 |   600 |   383 |   126 ||  1641
Dodge: Dodged            |    29 |    37 |    37 |   142 |   240 |   198 |    70 ||   753
Block: Kite shield       |    40 |    85 |   154 |   372 |   905 |   677 |   241 ||  2474
       Reflection        |       |       |       |       |    70 |    61 |    33 ||   164
